 Dungeon Crawl Stone Soup version 0.26-a0-540-g8a0c9464d7 (webtiles) character file.

Game seed: 17492254779269957363

599 HoaS the Ruffian (level 7, -1/66 HPs)
             Began as a Troll Monk on Aug 18, 2020.
             Slain by a hound (2 damage)
             ... on level 4 of the Dungeon.
             The game lasted 00:07:12 (2397 turns).

HoaS the Ruffian (Troll Monk)                       Turns: 2397, Time: 00:07:12

Health: -1/66      AC:  8    Str: 20    XL:     7   Next: 17%
Magic:  6/6        EV: 12    Int:  6    God:
Gold:   83         SH:  0    Dex: 14    Spells: 6/6 levels left

rFire    . . .     SeeInvis .     - Unarmed
rCold    . . .     Faith    .   (no shield)
rNeg     . . .     Spirit   .   f - +1 robe {Archmagi}
rPois    .         Reflect  .   (helmet restricted)
rElec    .         Harm     .   j - +0 cloak
rCorr    .                      (gloves unavailable)
MR       .....                  (boots unavailable)
Stlth    ++........             (no amulet)
HPRegen  0.61/turn              (no ring)
MPRegen  0.10/turn              (no ring)

@: no status effects
A: large, unfitting armour, claws 3, regeneration 1, shaggy fur 1, tough skin 3
a: no special abilities


You were on level 4 of the Dungeon.
You visited 1 branch of the dungeon, and saw 4 of its levels.

You collected 83 gold pieces.

Inventory:

Armour
 f - a +1 robe of the Archmagi (worn)
 j - a +0 cloak (worn)
Wands
 a - a wand of polymorph (12)
Scrolls
 b - a scroll of identify
 e - a scroll of remove curse
 g - a scroll of teleportation
Potions
 c - a potion of mutation
 d - 3 potions of brilliance {unknown}
 h - a potion of flight {unknown}
 i - 2 potions of degeneration {unknown}


   Skills:
 - Level 2.4 Fighting
 + Level 4.1 Dodging
 - Level 1.0 Stealth
 * Level 7.2 Unarmed Combat


You had 6 spell levels left.
You didn't know any spells.
Your spell library was empty.

Dungeon Overview and Level Annotations

Branches:
Dungeon (4/15)
 Temple: D:4-7

Altars:
Ashenzari
Sif Muna


Innate Abilities, Weirdness & Mutations

You are too large for most types of armour.
You have claws for hands.
Your natural rate of healing is unusually fast.
You are covered in fur. (AC +1)
You have extremely tough skin. (AC +3)


Message History

* * * LOW HITPOINT WARNING * * *
The hound closely misses you.
You scratch the sky beast. Your claw misses the sky beast.
The sky beast is lightly wounded.
The orc barely misses you. The sky beast barely misses you.
The orc barely misses you. The hound misses you. The orc barely misses you.
You closely miss the sky beast.
The sky beast is lightly wounded.
The hound bites you but does no damage.
The sky beast hits you but does no damage.
The orc barely misses you. The orc hits you but does no damage.
The orc barely misses you.
You scratch the sky beast.
The sky beast is lightly wounded.
The hound completely misses you.
The sky beast hits you but does no damage.
The orc hits you.
* * * LOW HITPOINT WARNING * * *
The orc closely misses you. The hound bites you.
You die...

### ..####### ##
....)...###########.#
....................#
.####......(....[...#
...######...........#
...## ###.....Y≈..#
....# ###..)@o..#
...## ##.oho...# .<##
###.....# ### ##....#
##..# #..# ..# ..


You could see a sky beast, a hound and 3 orcs.

Vanquished Creatures
  Sigmund (D:2)
  An orc warrior (D:3)
  A phantom (D:3)
  Crazy Yiuf (D:3)
  3 orc priests
  Jessica (D:3)
  Terence (D:3)
  Robin (D:3)
  2 oozes
  A worm (D:2)
  3 leopard geckos
  7 orcs (D:3)
  A ball python (D:3)
  2 giant cockroaches
  11 goblins
  8 hobgoblins
  4 kobolds
  A quokka (D:3)
  6 bats
  A frilled lizard (D:1)
  6 rats
  2 toadstools (D:1)
65 creatures vanquished.

Vanquished Creatures (others)
  2 toadstools (D:1)
2 creatures vanquished.

Grand Total: 67 creatures vanquished

Notes
Turn   | Place    | Note
-------+----------+-------------------------------------------
     0 | D:1      | HoaS the Troll Monk began the quest for the Orb.
     0 | D:1      | Reached XP level 1. HP: 22/22 MP: 0/0
   192 | D:1      | Reached XP level 2. HP: 29/29 MP: 1/1
   310 | D:1      | Reached skill level 4 in Unarmed Combat
   538 | D:1      | Reached XP level 3. HP: 36/36 MP: 2/2
   782 | D:2      | Noticed Sigmund
   796 | D:2      | Killed Sigmund
   796 | D:2      | Reached skill level 5 in Unarmed Combat
   796 | D:2      | Reached XP level 4. HP: 14/44 MP: 3/3
   796 | D:2      | Reached XP level 5. HP: 16/50 MP: 4/4
  1574 | D:3      | Found a shattered altar of Ashenzari.
  1601 | D:3      | Noticed Jessica
  1609 | D:3      | Killed Jessica
  1675 | D:3      | Reached skill level 6 in Unarmed Combat
  1679 | D:3      | Noticed an orc warrior
  1689 | D:3      | Noticed a phantom
  1694 | D:3      | Killed an orc warrior
  1694 | D:3      | Reached XP level 6. HP: 46/59 MP: 5/5
  1730 | D:3      | Found a shimmering blue altar of Sif Muna.
  1767 | D:3      | Noticed Terence
  1772 | D:3      | Killed Terence
  1881 | D:3      | Reached skill level 7 in Unarmed Combat
  1884 | D:3      | Reached XP level 7. HP: 66/66 MP: 6/6
  1982 | D:3      | Noticed Robin
  1997 | D:3      | Killed Robin
  2148 | D:3      | Found a runed translucent door.
  2149 | D:3      | Noticed Crazy Yiuf
  2304 | D:3      | Killed Crazy Yiuf
  2394 | D:4      | HP: 1/66 [orc/+0 short sword (5)]
  2397 | D:4      | Slain by a hound

Illustrated notes

Levels and vault maps discovered:
D:1:      ldierk_water_garden, layout_loops_ring, hangedman_decor_points,
          minmay_stone_trees_medium, minmay_tetromino_i4
D:2:      layout_loops_corners, uniq_sigmund
D:3:      layout_loops_ring, nicolae_overflow_crystal_walls,
          ashenzari_conservatory_becter, kennysheep_generic_room_2, uniq_robin,
          uniq_terence, uniq_jessica, uniq_crazy_yiuf_cottage
D:4:      minmay_inner_zag, layout_cave_pods, nicolae_qazlal_general_emergency,
          minmay_temple_entry_glassed_door, minivault_24, chequers_arboretum,
          uniq_pikel

Skill      XL: |  1  2  3  4  5  6 |
---------------+-------------------+-----
Unarmed Combat | 4 5 6 7 |  7.2
Dodging        | 3 4 |  4.1
Fighting       | |  2.4
Stealth        | |  1.0

Action                   |  1- 3 |  4- 6 |  7- 9 || total
-------------------------+-------+-------+-------++-------
Melee: Unarmed           |    65 |    62 |    50 ||   177
       Punch             |       |     1 |     1 ||     2
  Use: Scroll            |     5 |     2 |       ||     7
 Stab: Sleeping          |     4 |     1 |     1 ||     6
Armor: Robe              |    26 |    10 |    28 ||    64
Dodge: Dodged            |    22 |    20 |    51 ||    93

Table legend: (Time is in decaauts)
 A = Elapsed time spent in this place.
 B = Non-inter-level travel time spent in this place.
 C = Inter-level travel time spent in this place.
 D = Time resting spent in this place.
 E = Time spent auto-exploring this place.
 F = Levels seen in this place.
 G = Mean time per level.
                   A        B        C        D        E       F      G
               +--------+--------+--------+--------+--------+-----+--------+
         Total |   2378 |   2226 |    152 |     97 |   1719 |   4 |  594.5 |
       Dungeon |   2378 |   2226 |    152 |     97 |   1719 |   4 |  594.5 |
               +--------+--------+--------+--------+--------+-----+--------+

Top non-repeatable levels by time:
     D:2: 827 daAuts
     D:3: 814 daAuts
     D:1: 698 daAuts
     D:4: 37 daAuts
